 Dungeon Crawl Stone Soup version 0.22.1-1-ga44c0e56f4 (webtiles) character file.

254 OdinFK the Slasher (level 5, 0/42 HPs)
             Began as a Demonspawn Abyssal Knight on Oct 18, 2018.
             Was an Elder of Lugonu.
             Slain by a leopard gecko (2 damage)
             ... in a sewer.
             The game lasted 00:10:59 (1943 turns).

OdinFK the Slasher (Demonspawn Abyssal Knight)      Turns: 1943, Time: 00:11:00

Health: 0/42       AC:  7    Str: 14    XL:     5   Next: 91%
Magic:  7/7        EV: 12    Int: 13    God:    Lugonu [****..]
Gold:   162        SH:  0    Dex: 12    Spells: 4/4 levels left

rFire    . . .     SeeInvis .   a - +1 falchion
rCold    + . .     Gourm    .   (no shield)
rNeg     . . .     Faith    .   b - +0 leather armour
rPois    .         Spirit   .   (no helmet)
rElec    .         Reflect  .   n - +0 cloak
rCorr    .         Harm     .   g - +0 pair of gloves
MR       .....                  (no boots)
Stlth    ++........             f - amulet of magic regeneration
HPRegen  0.14/turn              i - ring of protection from cold
MPRegen  0.35/turn              (no ring)

@: no status effects
A: talons 1, slimy green scales 1, nightstalker 1, rot immunity
a: Depart the Abyss, Bend Space, Banish, Corrupt, Renounce Religion


You were in a sewer.
You worshipped Lugonu.
Lugonu was greatly pleased with you.
You were not hungry.

You visited 1 branch of the dungeon, and saw 3 of its levels.
You visited the Abyss 1 time.
You also visited: Sewer.

You collected 162 gold pieces.

Inventory:

Hand Weapons
 a - a +1 falchion (weapon)
Armour
 b - a +0 leather armour (worn)
 g - a +0 pair of gloves (worn)
 n - a +0 cloak (worn)
Jewellery
 f - an amulet of magic regeneration (around neck)
 i - a ring of protection from cold (left hand)
Scrolls
 e - 3 scrolls of fog {unknown}
 h - 3 scrolls of identify {unknown}
 j - 2 scrolls of remove curse {unknown}
 l - a scroll of teleportation {unknown}
 m - a scroll of enchant weapon {unknown}
 q - a scroll of noise {unknown}
Potions
 d - 2 potions of curing {unknown}
 k - a potion of heal wounds {unknown}
 o - 2 potions of berserk rage {unknown}
 p - a potion of flight {unknown}
Comestibles
 c - 8 rations


   Skills:
 + Level 4.0 Fighting
 + Level 4.1 Long Blades
 + Level 2.7 Armour
 + Level 1.8 Dodging
 + Level 2.7 Invocations


You had 4 spell levels left.
You didn't know any spells.
Your spell library was empty.

Dungeon Overview and Level Annotations

Branches:
Dungeon (3/15)

Altars:
Xom


Innate Abilities, Weirdness & Mutations

You have sharp toenails.
You are partially covered in slimy green scales. (AC +2)
You are slightly more attuned to the shadows.
You are immune to rotting.


Message History

Lugonu accepts your kill.
You barely miss the bullfrog. You claw the bullfrog.
The bullfrog is moderately wounded.
The bullfrog hits you.
* * * LOW HITPOINT WARNING * * *
The bullfrog hits you but does no damage.
You hit the bullfrog. Your kick misses the bullfrog.
The bullfrog is moderately wounded.
The bullfrog hits you.
* * * LOW HITPOINT WARNING * * *
You closely miss the bullfrog.
The bullfrog is moderately wounded.
The bullfrog hits you but does no damage.
The leopard gecko bites you.
* * * LOW HITPOINT WARNING * * *
The bullfrog barely misses you.
You riposte.
You hit the bullfrog. You claw the bullfrog.
The bullfrog is heavily wounded.
The leopard gecko bites you.
You die...

#...≈≈≈.≈≈≈.#####
#≈≈.≈≈≈≈.≈≈≈..∩.###
#≈.≈#########....≈#
####≈.≈≈≈≈≈.†≈≈####≈≈∩
##≈.#≈.≈≈≈#####≈.≈≈####
####≈≈≈#######≈∩≈#≈≈≈≈≈.≈#
##≈≈≈≈.≈.#...≈≈≈≈.####≈≈≈≈≈
##≈≈.≈#≈≈##≈†.≈≈≈≈≈≈≈≈###≈≈≈
#..≈.##≈≈#.@#######≈≈...##≈≈
##≈≈≈##≈≈##Fl#≈≈.≈≈###.≈≈≈##≈
#≈≈≈≈#.≈≈#.≈†.≈≈≈J≈≈≈##≈≈≈≈#.
##..≈##≈≈≈#≈≈≈.≈≈≈.≈≈≈
##.≈≈##
#.≈.≈#.≈≈≈#≈≈≈≈.≈≈≈≈.. #≈.≈≈#
#∩.≈≈#≈≈≈.#≈≈./$..≈≈.≈ #≈≈≈≈#
#.≈≈≈#.≈≈≈#≈≈≈.$?!.≈≈l #.≈≈≈#
##≈≈†##.≈≈##≈≈...≈.≈≈≈
##†≈≈##
#≈≈≈.#≈≈.≈##≈≈≈≈≈≈≈≈≈##≈.≈≈#≈


You could see a bullfrog and a leopard gecko.

Vanquished Creatures
  A bullfrog (Sewer)
  An orc priest (D:2)
  2 adders (Sewer)
  8 oozes (Sewer)
  2 dart slugs
  11 leopard geckos
  2 orcs
  16 giant cockroaches
  4 goblins (D:1)
  5 hobgoblins
  2 jackals (D:2)
  A quokka (D:3)
  9 ball pythons
  8 bats
  11 frilled lizards
  5 kobolds (D:1)
  7 rats
95 creatures vanquished.

Notes
Turn   | Place    | Note
-------+----------+-------------------------------------------
     0 | Abyss:1  | OdinFK the Demonspawn Abyssal Knight began the quest for
                  | the Orb.
     0 | Abyss:1  | Reached XP level 1. HP: 18/18 MP: 2/2
     9 | Abyss:1  | Found a corrupted altar of Lugonu.
    14 | Abyss:1  | Found a corrupted altar of Lugonu.
    28 | D:1      | Escaped the Abyss
   141 | D:1      | Gained mutation: You are partially covered in slimy green
                  | scales. (AC +2) [demonic ancestry]
   141 | D:1      | Reached XP level 2. HP: 15/24 MP: 3/3
   293 | D:1      | Reached ** piety under Lugonu
   735 | D:2      | Gained mutation: You are immune to rotting. [demonic
                  | ancestry]
   735 | D:2      | Reached XP level 3. HP: 29/29 MP: 5/5
   746 | D:2      | Found a shimmering altar of Xom.
   889 | D:2      | Reached skill level 1 in Dodging
   889 | D:2      | Gained mutation: You are slightly more attuned to the
                  | shadows. [demonic ancestry]
   889 | D:2      | Reached XP level 4. HP: 8/35 MP: 6/6
  1290 | D:3      | Found a glowing drain.
  1297 | Sewer    | Entered a sewer
  1299 | Sewer    | Reached *** piety under Lugonu
  1765 | Sewer    | Gained mutation: You have sharp toenails. [demonic
                  | ancestry]
  1765 | Sewer    | Reached XP level 5. HP: 39/42 MP: 7/7
  1934 | Sewer    | Reached **** piety under Lugonu
  1943 | Sewer    | HP: 2/42 [leopard gecko (3)]
  1943 | Sewer    | Slain by a leopard gecko

Skill      XL: |  1  2  3  4  5 |
---------------+----------------+-----
Armour         | 2 |  2.7
Long Blades    | 2 3 4 |  4.1
Dodging        | 1 |  1.8
Fighting       | 4 |  4.0
Invocations    | |  2.7

Action                   |  1- 3 |  4- 6 || total
-------------------------+-------+-------++-------
Melee: Falchion          |    90 |   165 ||   255
       Short sword       |     5 |       ||     5
       Kick              |       |    16 ||    16
Invok: Bend Space        |       |     1 ||     1
 Stab: Sleeping          |       |     2 ||     2
  Eat: Chunk             |       |     4 ||     4
Armor: Leather armour    |    38 |    88 ||   126
Dodge: Dodged            |    64 |   124 ||   188
       Rpst.: Falchion   |    20 |    37 ||    57
